 Dungeon Crawl Stone Soup version 0.25.0-9-g26727b657a (webtiles) character file.

Game seed: 12364766501918645857

137 MisterFreud the Thaumaturge (level 5, 0/37 HPs)
             Began as a Gnoll Wanderer on June 18, 2020.
             Slain by an ice beast (14 damage)
             ... on level 3 of the Dungeon.
             The game lasted 00:06:37 (3397 turns).

MisterFreud the Thaumaturge (Gnoll Wanderer)        Turns: 3397, Time: 00:06:37

Health: 0/37       AC:  2    Str: 10 (13) XL:     5   Next: 20%
Magic:  6/18       EV: 16    Int: 13 (16) God:
Gold:   123        SH:  0    Dex: 13 (15) Spells: 17/26 levels left

rFire    . . .     SeeInvis .   e - +0 whip (freeze)
rCold    . . .     Gourm    .   (no shield)
rNeg     . . .     Faith    .   d - +0 robe
rPois    .         Spirit   .   (no helmet)
rElec    .         Reflect  .   (no cloak)
rCorr    .         Harm     .   (no gloves)
MR       .....                  (no boots)
Stlth    ++........             (no amulet)
HPRegen  0.12/turn              l - +4 ring of evasion
MPRegen  0.16/turn              (no ring)

@: no status effects
A: distributed training, fangs 1, strong nose
a: no special abilities


You were on level 3 of the Dungeon.
You were hungry.

You visited 1 branch of the dungeon, and saw 3 of its levels.

You collected 123 gold pieces.

Inventory:

Hand Weapons
 a - a +0 dagger
 e - a +0 whip of freezing (weapon)
Missiles
 m - 8 boomerangs (quivered)
Armour
 d - a +0 robe (worn)
 n - a +0 helmet
Jewellery
 l - a +4 ring of evasion (left hand)
Scrolls
 b - a scroll of random uselessness {unknown}
 g - 2 scrolls of remove curse {unknown}
 h - 6 scrolls of identify {unknown}
 i - 2 scrolls of enchant weapon {unknown}
 j - a scroll of teleportation {unknown}
Potions
 c - 2 potions of lignification
 o - a potion of haste {unknown}
Comestibles
 f - 8 rations
 k - 8 chunks of flesh


   Skills:
 + Level 1.3 Fighting
 + Level 1.3 Short Blades
 + Level 1.3 Long Blades
 + Level 1.3 Axes
 + Level 1.3 Maces & Flails
 + Level 1.3 Polearms
 + Level 1.3 Staves
 + Level 1.3 Slings
 + Level 1.3 Bows
 + Level 1.3 Crossbows
 + Level 4.7 Throwing
 + Level 1.3 Armour
 + Level 1.3 Dodging
 + Level 1.3 Stealth
 + Level 1.3 Shields
 + Level 1.3 Unarmed Combat
 + Level 11.2 Spellcasting
 + Level 1.1 Conjurations
 + Level 1.1 Hexes
 + Level 3.9 Charms
 + Level 1.1 Summonings
 + Level 1.1 Necromancy
 + Level 1.1 Translocations
 + Level 1.1 Transmutations
 + Level 2.3 Fire Magic
 + Level 1.1 Ice Magic
 + Level 1.1 Air Magic
 + Level 1.1 Earth Magic
 + Level 1.1 Poison Magic
 + Level 1.5 Invocations
 + Level 1.3 Evocations


You had 17 spell levels left.
You knew the following spells:

 Your Spells              Type           Power        Failure   Level  Hunger
a - Magic Dart            Conj           ##..         6%          1    None
b - Blink                 Tloc           N/A          10%         2    None
c - Call Imp              Summ           ##......     10%         2    None
d - Apportation           Tloc           ##....       6%          1    None
e - Mephitic Cloud        Conj/Pois/Air  ##......     19%         3    #......

Your spell library contained the following spells:

 Spells                   Type           Power        Failure   Level  Hunger
 Slow                     Hex            ##......     10%         2    None
 Conjure Flame            Conj/Fire      ##......     14%         3    #......
 Gell's Gravitas          Tloc           ##........   19%         3    #......


Dungeon Overview and Level Annotations

Branches:
Dungeon (3/15)

Altars:
Qazlal


Innate Abilities, Weirdness & Mutations

Your experience applies equally to all skills.
You have very sharp teeth.
Your uncanny sense of smell can sniff out nearby items.


Message History

The ice beast completely misses you.
Your shadow imp misses the ice beast.
Casting: Magic Dart (safe; 6% risk of failure)
Confirm with . or Enter, or press ? or * to list all spells.
Aiming: Magic Dart (safe; 6% risk of failure)
Press: ? - help, Shift-Dir - straight line, f/p - ice beast
Aim: an ice beast (almost dead)
The magic dart hits the ice beast but does no damage.
The ice beast is almost dead.
Your shadow imp disappears in a puff of smoke!
The ice beast barely misses you.
Casting: Magic Dart (safe; 6% risk of failure)
Confirm with . or Enter, or press ? or * to list all spells.
Aiming: Magic Dart (safe; 6% risk of failure)
Press: ? - help, Shift-Dir - straight line, f/p - ice beast
Aim: an ice beast (almost dead)
The magic dart hits the ice beast but does no damage.
The ice beast is almost dead.
You are feeling hungry.
The ice beast hits you. The ice beast freezes you!
You die...

### #.# ##.# #. ##.##
#.# #.# #. ##.#.## #.#
#.# #. ##.###.## #.#
##.#
##.#####.####.##.###.#
#.###........##..∆ ..
# ##.##.##.#####..#.
b#..# ##.#.#.##
#†Y#Y#S ..# ##...##
#@.#####..# ##.##
####..#.#..#### #.#
##..##.....##..# #.#
##....##...##.... #.#
#......#...#...?. #.#
##.)##..##.##..## #.#
#.÷####..#.#..####
#.###..#(.#..#.#..#.?#
#...#..##.#..#.#..#.##
.


You could see an ice beast.

Vanquished Creatures
  2 adders
  A worm (D:3)
  5 dart slugs (D:1)
  2 leopard geckos (D:3)
  3 orcs (D:3)
  5 giant cockroaches
  9 goblins
  5 hobgoblins
  10 kobolds
  A quokka (D:3)
  3 bats (D:1)
  A frilled lizard (D:1)
  14 rats
61 creatures vanquished.

Vanquished Creatures (collateral kills)
  A crimson imp (D:2)
  An orc wizard (D:3)
  An adder (D:3)
  A dart slug (D:3)
4 creatures vanquished.

Grand Total: 65 creatures vanquished

Notes
Turn   | Place    | Note
-------+----------+-------------------------------------------
     0 | D:1      | Reached skill level 11 in Spellcasting
     0 | D:1      | MisterFreud the Gnoll Wanderer began the quest for the Orb.
     0 | D:1      | MisterFreud set off with the following items: a +0 dagger,
                  | a potion of lignification, a +0 robe, a ration; and the
                  | following spells available to memorise: Apportation, Magic
                  | Dart, Blink, Call Imp, Slow, Conjure Flame, Gell's
                  | Gravitas, Mephitic Cloud
     0 | D:1      | Reached XP level 1. HP: 13/13 MP: 12/12
     2 | D:1      | Learned a level 1 spell: Magic Dart
   367 | D:1      | Reached XP level 2. HP: 11/19 MP: 5/14
   875 | D:1      | Reached XP level 3. HP: 25/25 MP: 12/15
  1398 | D:2      | Reached skill level 1 in Invocations
  1697 | D:2      | Reached skill level 1 in Fighting
  1697 | D:2      | Reached skill level 1 in Short Blades
  1697 | D:2      | Reached skill level 1 in Long Blades
  1697 | D:2      | Reached skill level 1 in Axes
  1697 | D:2      | Reached skill level 1 in Maces & Flails
  1697 | D:2      | Reached skill level 1 in Polearms
  1697 | D:2      | Reached skill level 1 in Staves
  1697 | D:2      | Reached skill level 1 in Slings
  1697 | D:2      | Reached skill level 1 in Bows
  1697 | D:2      | Reached skill level 1 in Crossbows
  1697 | D:2      | Reached skill level 1 in Armour
  1697 | D:2      | Reached skill level 1 in Dodging
  1697 | D:2      | Reached skill level 1 in Stealth
  1697 | D:2      | Reached skill level 1 in Shields
  1697 | D:2      | Reached skill level 1 in Unarmed Combat
  1697 | D:2      | Reached skill level 1 in Evocations
  1776 | D:2      | Learned a level 2 spell: Blink
  1779 | D:2      | Learned a level 2 spell: Call Imp
  1781 | D:2      | Learned a level 1 spell: Apportation
  1785 | D:2      | Learned a level 3 spell: Mephitic Cloud
  1839 | D:2      | Reached XP level 4. HP: 18/32 MP: 13/17
  2317 | D:2      | Found a stormy altar of Qazlal.
  2682 | D:3      | Reached skill level 1 in Conjurations
  2682 | D:3      | Reached skill level 1 in Hexes
  2682 | D:3      | Reached skill level 1 in Summonings
  2682 | D:3      | Reached skill level 1 in Necromancy
  2682 | D:3      | Reached skill level 1 in Translocations
  2682 | D:3      | Reached skill level 1 in Transmutations
  2682 | D:3      | Reached skill level 1 in Ice Magic
  2682 | D:3      | Reached skill level 1 in Air Magic
  2682 | D:3      | Reached skill level 1 in Earth Magic
  2682 | D:3      | Reached skill level 1 in Poison Magic
  2883 | D:3      | Reached XP level 5. HP: 34/37 MP: 11/18
  3352 | D:3      | Noticed an ice beast
  3397 | D:3      | Slain by an ice beast

Illustrated notes

Levels and vault maps discovered:
D:1:      dpeg_arrival_prison, layout_rooms, minmay_distorted
D:2:      layout_rooms, grunt_qazlal_clouds
D:3:      layout_loops_ring, ebering_ghost_rock_garden, first_ration,
          minmay_puff

Skill      XL: |  1  2  3  4 |
---------------+-------------+-----
Spellcasting   | | 11.2
Fire Magic     | 2 |  2.3
Invocations    | 1 |  1.5
Fighting       | 1 |  1.3
Short Blades   | 1 |  1.3
Long Blades    | 1 |  1.3
Axes           | 1 |  1.3
Maces & Flails | 1 |  1.3
Polearms       | 1 |  1.3
Staves         | 1 |  1.3
Slings         | 1 |  1.3
Bows           | 1 |  1.3
Crossbows      | 1 |  1.3
Armour         | 1 |  1.3
Dodging        | 1 |  1.3
Stealth        | 1 |  1.3
Shields        | 1 |  1.3
Unarmed Combat | 1 |  1.3
Evocations     | 1 |  1.3
Conjurations   | 1 |  1.1
Hexes          | 1 |  1.1
Summonings     | 1 |  1.1
Necromancy     | 1 |  1.1
Translocations | 1 |  1.1
Transmutations | 1 |  1.1
Ice Magic      | 1 |  1.1
Air Magic      | 1 |  1.1
Earth Magic    | 1 |  1.1
Poison Magic   | 1 |  1.1
Throwing       | |  4.7
Charms         | |  3.9

Action                   |  1- 3 |  4- 6 || total
-------------------------+-------+-------++-------
Melee: Whip              |    50 |    11 ||    61
       Dagger            |     5 |       ||     5
       Bite              |     7 |       ||     7
Throw: Boomerang         |       |     1 ||     1
 Cast: Magic Dart        |    91 |    67 ||   158
       Call Imp          |     1 |     8 ||     9
  Use: Potion            |       |     2 ||     2
 Stab: Distracted        |       |     2 ||     2
  Eat: Chunk             |     3 |     4 ||     7
Armor: Robe              |    12 |       ||    12
Dodge: Dodged            |    27 |    26 ||    53
